 Dungeon Crawl Stone Soup version 0.18.1-6-gd335043 (webtiles) character file.

39328 Enish the Brawler (level 13, -11/127 HPs)
             Began as a Troll Wanderer on May 15, 2016.
             Was the Champion of Dithmenos.
             Mangled by a salamander (13 damage)
             ... in a volcano.
             The game lasted 01:38:38 (18723 turns).

Enish the Brawler (Troll Wanderer)                 Turns: 18723, Time: 01:38:38

Health: -11/127    AC: 14    Str: 27    XL:     13   Next: 68%
Magic:  24/24      EV: 20    Int: 18    God:    Dithmenos [******]
Gold:   470        SH:  0    Dex: 17    Spells: 8 memorised, 2 levels left

rFire  . . .     SeeInvis .       - Unarmed
rCold  . . .     Gourm    +     Y - +4 troll leather armour of the Guardian {*Drain Regen+ Int+7}
rNeg   . . .     Faith    +     (no shield)
rPois  .         Spirit   .     e - +2 hat
rElec  .         Dismiss  .     S - +0 cloak of Muigay {MR- MP+9 Str+6}
rCorr  .         Reflect  .     (gloves unavailable)
SustAt .         Harm     .     (boots unavailable)
MR     .....                    E - amulet of faith
Stlth  ++++......               o - +2 ring of evasion
                                N - ring of protection from magic

@: agile, very slightly contaminated, hasted, wreathed by umbra, very quick, not
resistant to hostile enchantments, stealthy
A: unfitting armour, claws 3, fast metabolism 3, gourmand, regeneration 2,
shaggy fur 1, tough skin 2
a: Shadow Step, Shadow Form, Renounce Religion


You were in a volcano.
You worshipped Dithmenos.
Dithmenos was exalted by your worship.
You were very full.

You visited 3 branches of the dungeon, and saw 20 of its levels.
You also visited: Sewer and Volcano.

You collected 1052 gold pieces.
You spent 582 gold pieces at shops.

Inventory:

Hand Weapons
 g - a +0 blowgun
Missiles
 b - 18 tomahawks
 h - 3 needles of sleeping
 A - 104 poisoned needles
 W - 8 javelins (quivered)
Armour
 e - a +2 hat (worn)
 w - a +1 cloak
 S - the +0 cloak of Muigay (worn) {MR- MP+9 Str+6}
   (You acquired it on level 3 of the Lair of Beasts)

   It affects your strength (+6).
   It affects your resistance to hostile enchantments.
   It affects your magic capacity (+9).
 Y - the +4 troll leather armour of the Guardian (worn) {*Drain Regen+ Int+7}
   (You bought it in a shop on level 7 of the Dungeon)

   It affects your intelligence (+7).
   It increases your rate of regeneration.
   It causes draining when unequipped.
Jewellery
 o - a +2 ring of evasion (right claw)
 E - an amulet of faith (around neck)
 G - an uncursed amulet of harm {unknown}
 N - a ring of protection from magic (left claw)
 R - an uncursed ring of protection from cold
 T - an uncursed ring of resist corrosion
Wands
 a - a wand of iceblast (7/15)
 r - a wand of iceblast (5/15)
 t - a wand of paralysis (15/24)
 v - a wand of disintegration (15/24)
 y - a wand of slowing (22/48)
 D - a wand of lightning (8/15)
 I - a wand of acid (7/15)
 J - a wand of teleportation (8/9)
 O - a wand of acid (6/15)
 U - a wand of digging (9/24)
Scrolls
 c - a scroll of silence
 i - 8 scrolls of remove curse
 q - 2 scrolls of fog
 u - a scroll of fear
 B - 5 scrolls of enchant armour
 K - a scroll of blinking
 X - 3 scrolls of recharging
Potions
 m - 3 potions of resistance
 n - 2 potions of lignification
 s - a potion of cancellation
 z - 2 potions of brilliance
 F - a potion of invisibility
 H - 3 potions of flight
 M - 2 potions of curing
 Q - a potion of magic
 V - a potion of might
Books
 L - a book of Battle

   Spells                             Type                      Level
   a - Infusion                       Charms                       1
   b - Shroud of Golubria             Charms/Translocation         2
   c - Song of Slaying                Charms                       2
   d - Spectral Weapon                Hexes/Charms                 3
   e - Regeneration                   Charms/Necromancy            3
Miscellaneous
 x - a fan of gales
 C - a box of beasts
Comestibles
 d - 12 bread rations
 j - a royal jelly
 k - 6 beef jerkies
 l - 10 meat rations
 p - 2 slices of pizza


   Skills:
 - Level 8.0 Fighting
   Level 0.8 Maces & Flails
   Level 1.0 Crossbows
 - Level 7.0 Throwing
 - Level 2.1 Armour
 - Level 5.4 Dodging
 * Level 17.0 Unarmed Combat
 - Level 1.2 Spellcasting
 - Level 1.0 Conjurations
 - Level 1.0 Charms
 - Level 2.0 Translocations
 - Level 1.0 Air Magic
 - Level 5.0 Evocations


You had 2 spell levels left.
You knew the following spells:

 Your Spells              Type           Power        Failure   Level  Hunger
a - Magic Dart            Conj           #...         17%         1    ##.....
b - Blink                 Tloc           N/A          17%         2    ###....
c - Repel Missiles        Chrm/Air       #.....       24%         2    ###....
d - Summon Butterflies    Summ           #.......     24%         1    ##.....
e - Apportation           Tloc           #.........   12%         1    ##.....
f - Infusion              Chrm           #...         17%         1    ##.....
g - Shroud of Golubria    Chrm/Tloc      #.........   21%         2    ###....
h - Song of Slaying       Chrm           #.......     24%         2    ###....


Dungeon Overview and Level Annotations

Branches:
Dungeon (13/15)            Temple (1/1) D:4            Lair (6/8) D:10
 Shoals (0/4) Lair:5       Spider (0/4) Lair:6          Orc (0/2) D:10
  Slime: Lair:6-8    Vaults: D:13-14

Altars:
Ashenzari
Cheibriados
Dithmenos
Elyvilon
Fedhas
Gozag
Kikubaaqudgha
Nemelex Xobeh
Okawaru
Pakellas
Qazlal
Ru
Trog
Vehumet
Xom

Shops:
D:6 ((((   D:7 [   D:9 *   D:10 [**   D:12 :

Portals:
Trove: D:12 (give +5 ice dragon armour)

Annotations:
D:4 exclusion: downstairs
Lair:2 exclusion: downstairs


Innate Abilities, Weirdness & Mutations

You are too large for most types of armour.
You have claws for hands.
Your metabolism is lightning-fast.
You like to eat raw meat.
You heal very quickly.
You are covered in fur (AC +1).
You have very tough skin (AC +2).


Message History

You claw the salamander!
The salamander is almost dead.
Your shadow closely misses the salamander.
The salamander hits you from afar with a halberd!
* * * LOW HITPOINT WARNING * * *
You are engulfed in flames!
* * * LOW HITPOINT WARNING * * *
Drink which item? (? for menu, Esc to quit)
You feel better. The salamander closely misses you.
Drink which item? (? for menu, Esc to quit)
You feel better.
The salamander hits you from afar with a halberd.
* * * LOW HITPOINT WARNING * * *
You are engulfed in flames!
* * * LOW HITPOINT WARNING * * *
Drink which item? (? for menu, Esc to quit)
You feel better. The salamander hits you!
* * * LOW HITPOINT WARNING * * *
You emit a cloud of dark smoke.
You are engulfed in flames!
You die...

≈≈§≈≈≈≈≈≈ §≈≈≈≈≈≈≈§ ≈§§
≈≈≈≈≈§ ≈ §§≈ #######
+.....+ #.8§8.#
#.§≈≈≈≈§≈ #N§N§§#
#.≈≈≈≈§≈§ #@# #.≈≈≈≈≈≈≈
#§# #.≈≈≈§≈≈§ #§#
#.≈≈≈≈≈≈§ #.# #.≈≈≈≈≈§§
#.# #.≈≈≈≈≈≈≈ #.#
#.≈≈≈≈≈≈≈ #.# #.≈§≈≈§≈§
######+########.≈≈≈≈§≈§
.§.............§§≈≈§≈≈≈§


You could see 2 salamanders.

Vanquished Creatures
  Rupert (Lair:3)
  Gastronok (D:8)
  2 hydras
  A catoblepas (Lair:6)
  A tengu warrior (D:13)
  5 death yaks
  A salamander mystic (Volcano)
  3 unseen horrors
  A necromancer (Lair:5)
  An oklob plant (Lair:4)
  A salamander (Volcano)
  2 ugly things
  4 black mambas
  2 centaur zombies
  2 gargoyles (D:12)
  A torpor snail (Lair:3)
  Psyche (D:9)
  7 spiny frogs
  2 kobold demonologists (D:12)
  A centaur skeleton (D:12)
  7 komodo dragons
  A troll (D:13)
  A polar bear (Lair:4)
  2 two-headed ogres
  3 blink frogs (Lair:3)
  Grinder (D:5)
  A spriggan (D:7)
  2 shadows (D:12)
  The ghost of Quirk the Covert, an amateur SpAs (D:3)
  A wyvern (D:12)
  2 vampires
  17 yaks
  6 hippogriffs
  A hippogriff (shapeshifter) (D:13)
  Eustachio (D:5)
  Grum (D:8)
  A steam dragon (Lair:5)
  8 water moccasins
  2 hell hounds (Lair:6)
  7 porcupines
  Purgy (Sewer)
  7 orc warriors
  2 sky beasts
  A necrophage (D:5)
  A phantom (D:7)
  7 ogres
  9 wolves
  12 centaurs
  9 crocodiles
  3 big kobolds
  23 giant frogs
  A gnoll sergeant (D:9)
  2 wyvern zombies
  2 scorpions
  15 killer bees
  16 wights
  3 electric eels (D:10)
  3 howler monkeys (D:12)
  8 crimson imps
  2 giant frog zombies
  A lava snake (Volcano)
  9 jellies
  5 hounds
  10 orc priests
  Crazy Yiuf (D:5)
  6 giant frog skeletons
  8 iguanas
  15 orc wizards
  10 worker ants
  A yak simulacrum (Lair:5)
  A killer bee zombie (D:7)
  6 polar bear simulacra (Lair:5)
  3 wolf simulacra (Lair:5)
  A hound zombie (D:5)
  2 hound skeletons (D:5)
  A worker ant zombie (D:5)
  16 gnolls
  10 adders
  16 river rats (Lair:3)
  4 shadow imps
  16 oozes (Lair:4)
  An adder zombie (D:5)
  3 dart slugs
  10 giant geckos
  42 orcs
  2 ball pythons
  8 giant cockroaches
  13 hobgoblins
  19 jackals
  5 quokkas
  5 bats
  7 giant newts
  7 goblins
  A jackal skeleton (D:6)
  22 kobolds
  A quokka zombie (D:5)
  6 rats
  A river rat simulacrum (Lair:5)
528 creatures vanquished.

Vanquished Creatures (others)
  7 river rats (Lair:2)
  7 fungi
  A plant (Lair:5)
15 creatures vanquished.

Grand Total: 543 creatures vanquished

Notes
Turn   | Place    | Note
--------------------------------------------------------------
     0 | D:1      | Enish the Troll Wanderer began the quest for the Orb.
     0 | D:1      | Enish set off with: a book of Minor Magic, a +0 robe, a +0 club, 2 bread rations
     0 | D:1      | Reached XP level 1. HP: 19/19 MP: 1/1
     2 | D:1      | Learned a level 1 spell: Magic Dart
    74 | D:1      | Reached skill level 1 in Unarmed Combat
    92 | D:1      | Found a shattered altar of Ashenzari.
   119 | D:1      | Reached XP level 2. HP: 22/27 MP: 2/2
   205 | D:1      | Reached skill level 2 in Unarmed Combat
   673 | D:1      | Reached XP level 3. HP: 31/33 MP: 3/3
  1188 | D:2      | Reached skill level 3 in Unarmed Combat
  1409 | D:2      | Learned a level 2 spell: Blink
  1796 | D:2      | Reached XP level 4. HP: 34/41 MP: 4/4
  1931 | D:3      | Reached skill level 4 in Unarmed Combat
  1973 | D:3      | Noticed Quirk's ghost (amateur SpAs)
  1985 | D:4      | Noticed an ogre
  1990 | D:4      | Killed an ogre
  1990 | D:4      | Reached skill level 5 in Unarmed Combat
  1990 | D:4      | Reached XP level 5. HP: 48/48 MP: 5/5
  2074 | D:4      | Noticed an ogre
  2083 | D:4      | Killed an ogre
  2122 | D:4      | Found a radiant altar of Vehumet.
  2123 | D:4      | Found a bloodstained altar of Trog.
  2125 | D:4      | Noticed a centaur
  2125 | D:4      | Found a stormy altar of Qazlal.
  2140 | D:4      | Killed a centaur
  2140 | D:4      | Reached skill level 6 in Unarmed Combat
  2140 | D:4      | Reached XP level 6. HP: 42/55 MP: 6/6
  2163 | D:4      | Reached skill level 7 in Unarmed Combat
  2203 | D:4      | Reached XP level 7. HP: 54/62 MP: 7/7
  2222 | D:4      | Found a shimmering altar of Xom.
  2222 | D:4      | Found a shattered altar of Ashenzari.
  2238 | D:4      | Found a blossoming altar of Fedhas.
  2290 | D:4      | Found a staircase to the Ecumenical Temple.
  2298 | Temple   | Entered the Ecumenical Temple
  2306 | Temple   | Became a worshipper of Dithmenos the Shadowed
  2417 | D:4      | Found an opulent altar of Gozag.
  2804 | D:3      | Reached skill level 8 in Unarmed Combat
  2940 | D:5      | Entered Level 5 of the Dungeon
  3004 | D:5      | Noticed Grinder
  3013 | D:5      | Paralysed by Grinder for 4 turns
  3027 | D:5      | Killed Grinder
  3119 | D:5      | Reached XP level 8. HP: 72/72 MP: 8/8
  3132 | D:5      | Reached * piety under Dithmenos
  3132 | D:5      | Reached skill level 9 in Unarmed Combat
  3561 | D:5      | Noticed Eustachio
  3564 | D:5      | Found a stormy altar of Qazlal.
  3588 | D:5      | Killed Eustachio
  3988 | D:6      | Found Tugro's Antique Weapon Boutique.
  4058 | D:6      | Found Baat's Weapon Shoppe.
  4082 | D:6      | Reached skill level 10 in Unarmed Combat
  4090 | D:6      | Found Pusmyru's Antique Weapon Shop.
  4103 | D:6      | Found a glowing drain.
  4110 | D:6      | Reached ** piety under Dithmenos
  4126 | Sewer    | Entered a sewer
  4239 | Sewer    | Noticed Purgy
  4244 | Sewer    | Killed Purgy
  4340 | D:6      | Found Ynil's Weapon Shoppe.
  4355 | D:6      | Bought a +0 hunting sling for 15 gold pieces
  4850 | D:5      | Noticed Crazy Yiuf
  4855 | D:5      | Killed Crazy Yiuf
  5054 | D:5      | Reached skill level 5 in Fighting
  5054 | D:5      | Reached XP level 9. HP: 72/88 MP: 9/9
  5058 | D:5      | Learned a level 2 spell: Repel Missiles
  5303 | D:6      | Reached skill level 1 in Charms
  5400 | D:6      | Reached skill level 1 in Air Magic
  5416 | D:6      | Reached skill level 1 in Translocations
  6138 | D:7      | Found a radiant altar of Vehumet.
  6291 | D:7      | Reached *** piety under Dithmenos
  6511 | D:7      | Reached skill level 11 in Unarmed Combat
  6734 | D:7      | Found Riluseh's Antique Armour Boutique.
  7093 | D:8      | Noticed Grum
  7113 | D:8      | Killed Grum
  7283 | D:8      | Reached XP level 10. HP: 88/95 MP: 10/10
  7310 | D:8      | Gained mutation: You have large cloven feet. [potion of mutation]
  7310 | D:8      | Gained mutation: Armour fits poorly on your strangely shaped body. [potion of mutation]
  7310 | D:8      | Gained mutation: You have a pair of small antennae on your head. [potion of mutation]
  7342 | D:8      | Noticed Gastronok
  7367 | D:8      | Killed Gastronok
  7367 | D:8      | Reached skill level 13 in Unarmed Combat
  7457 | D:8      | Learned a level 1 spell: Summon Butterflies
  7837 | D:9      | Reached **** piety under Dithmenos
  8230 | D:9      | Found Pahuixa's Assorted Antiques.
  8615 | D:9      | Reached skill level 5 in Dodging
  8642 | D:9      | Noticed Psyche
  8655 | D:9      | Killed Psyche
  8880 | D:10     | Entered Level 10 of the Dungeon
  9200 | D:11     | Killed an unseen horror
  9200 | D:11     | Reached XP level 11. HP: 67/101 MP: 11/11
  9372 | D:7      | Bought a steaming troll leather armour for 460 gold pieces
  9382 | D:7      | Identified the +4 troll leather armour of the Guardian {*Drain Regen+ Int+7} (You bought it in a shop on level 7 of the Dungeon)
  9454 | D:4      | Found an oddly glowing altar of Pakellas.
  9454 | D:4      | Found a white marble altar of Elyvilon.
  9613 | D:3      | Killed Quirk's ghost
 10016 | D:6      | Learned a level 1 spell: Apportation
 10289 | D:10     | Found Lucowitu's Assorted Antiques.
 10322 | D:10     | Bought a lumpy pink potion for 29 gold pieces
 10392 | D:10     | Reached ***** piety under Dithmenos
 10483 | D:10     | Reached skill level 14 in Unarmed Combat
 10527 | D:10     | Found Beag's Antique Armour Boutique.
 10604 | D:10     | Found Tonuzamn's General Store.
 10610 | D:10     | Bought a scroll of identify for 30 gold pieces
 10724 | D:10     | Found a staircase to the Lair.
 10886 | D:9      | Bought a scroll of identify for 48 gold pieces
 10964 | Lair:1   | Entered Level 1 of the Lair of Beasts
 11874 | Lair:2   | Reached skill level 15 in Unarmed Combat
 11935 | Lair:2   | Reached skill level 1 in Armour
 12611 | Lair:3   | Noticed a five-headed hydra
 12700 | Lair:3   | Noticed Rupert
 12707 | Lair:3   | Killed Rupert
 12707 | Lair:3   | Reached XP level 12. HP: 118/118 MP: 12/12
 12767 | Lair:3   | Noticed a five-headed hydra
 13007 | D:10     | Found a staircase to the Orcish Mines.
 13280 | D:11     | Noticed an eight-headed hydra
 14111 | D:12     | Found Silergh's Book Shop.
 14158 | D:12     | Found a portal to a secret trove of treasure.
 14219 | D:12     | Reached skill level 5 in Evocations
 14227 | D:12     | Reached ****** piety under Dithmenos
 15067 | D:13     | Noticed a tengu warrior
 15080 | D:13     | Killed a tengu warrior
 15241 | D:13     | Gained mutation: You have an increased reservoir of magic (+10% MP). [mutagenic meat]
 15243 | D:13     | Gained mutation: You are occasionally teleported next to monsters. [mutagenic meat]
 15266 | D:13     | Reached skill level 16 in Unarmed Combat
 15267 | D:13     | Lost mutation: Armour fits poorly on your strangely shaped body. [potion of cure mutation]
 15267 | D:13     | Lost mutation: You have large cloven feet. [potion of cure mutation]
 15267 | D:13     | Lost mutation: You have an increased reservoir of magic (+10% MP). [potion of cure mutation]
 15267 | D:13     | Lost mutation: You are occasionally teleported next to monsters. [potion of cure mutation]
 15267 | D:13     | Lost mutation: You have a pair of small antennae on your head. [potion of cure mutation]
 15439 | D:10     | Killed a 12-headed hydra
 15590 | Lair:3   | Noticed a death yak
 15624 | Lair:3   | Killed a death yak
 15630 | Lair:3   | Reached XP level 13. HP: 102/126 MP: 15/15
 15796 | Lair:3   | Identified a scroll of acquirement
 15799 | Lair:3   | Got an ichor-stained cloak
 15800 | Lair:3   | Identified the +0 cloak of Muigay {MR- MP+9 Str+6} (You acquired it on level 3 of the Lair of Beasts)
 16009 | Lair:4   | Reached skill level 5 in Throwing
 17597 | Lair:5   | Found a staircase to the Shoals.
 17616 | Lair:5   | Learned a level 1 spell: Infusion
 17619 | Lair:5   | Learned a level 2 spell: Shroud of Golubria
 17622 | Lair:5   | Learned a level 2 spell: Song of Slaying
 18516 | Lair:6   | Found a dark tunnel.
 18521 | Volcano  | Entered a volcano
 18697 | Volcano  | Found a bloodstained altar of Trog.
 18714 | Volcano  | Reached skill level 17 in Unarmed Combat
 18720 | Volcano  | HP: 4/127 [salamander/halberd (9)]
 18723 | Volcano  | Mangled by a salamander

Skill      XL: |  1  2  3  4  5  6  7  8  9 10 11 12 13 |
---------------+----------------------------------------+-----
Unarmed Combat | 1 2 3 5 6 7 8 10 11 13 15 16 17 | 17.0
Fighting       | 2 5 7 8 |  8.0
Charms         | 1 |  1.0
Air Magic      | 1 |  1.0
Translocations | 2 |  2.0
Dodging        | 3 5 |  5.4
Armour         | 2 |  2.1
Evocations     | 5 |  5.0
Throwing       | 3 7 |  7.0
Maces & Flails | |  0.8
Crossbows      | |  1.0
Spellcasting   | |  1.2
Conjurations   | |  1.0

Action                   |  1- 3 |  4- 6 |  7- 9 | 10-12 | 13-15 || total
-------------------------+-------+-------+-------+-------+-------++-------
Melee: Unarmed           |   103 |    30 |   410 |   770 |   336 ||  1649
       Punch             |     1 |       |    18 |    52 |    31 ||   102
       Kick              |       |       |       |   194 |       ||   194
 Fire: Hunting sling     |     3 |    11 |     9 |       |       ||    23
       Blowgun           |       |       |     1 |       |       ||     1
Throw: Stone             |       |       |     3 |     6 |       ||     9
       Javelin           |       |       |       |     3 |     3 ||     6
       Tomahawk          |       |       |       |       |     1 ||     1
 Cast: Magic Dart        |     2 |       |       |       |       ||     2
       Repel Missiles    |       |       |     1 |     2 |     1 ||     4
       Infusion          |       |       |       |       |     2 ||     2
Evoke: Wand              |       |     3 |     3 |     5 |     1 ||    12
  Use: Scroll            |     6 |     2 |    10 |    22 |     5 ||    45
       Potion            |       |       |     2 |     7 |    11 ||    20
 Stab: Sleeping          |       |       |     2 |     3 |     3 ||     8
       Invisible         |       |       |       |     1 |       ||     1
  Eat: Chunk             |    20 |     6 |    46 |    79 |    28 ||   179
Armor: Robe              |    26 |     7 |    81 |    33 |       ||   147
       Skin              |       |       |     5 |       |       ||     5
       Troll leather arm |       |       |       |   176 |    85 ||   261
Dodge: Dodged            |    47 |    25 |   216 |   491 |   166 ||   945
       Deflected         |       |       |     1 |     4 |     1 ||     6
